 Dungeon Crawl Stone Soup version 0.31-a0-496-g6f97920a28 (webtiles) character file.

Game seed: 7472283666513977240

8386 pascalblue the Destroyer (level 11, -5/54 HPs)
             Began as a Deep Elf Conjurer on Aug 8, 2023.
             Was a Believer of Vehumet.
             Slain by a spriggan
             ... wielding a +0 trident
              (18 damage)
             ... in a bailey.
             The game lasted 00:39:33 (13101 turns).

pascalblue the Destroyer (Deep Elf Conjurer)       Turns: 13101, Time: 00:39:35

Health: -5/54      AC: 11    Str:  4    XL:     11   Next: 9%
Magic:  16/27      EV: 12    Int: 28    God:    Vehumet [**....]
Gold:   548        SH:  0    Dex: 13    Spells: 10/31 levels left

rFire   . . .        u - +5 Force Lance {heavy, knockback}
rCold   . . .        (no shield)
rNeg    + . .        A - +5 robe of Night {Dark Will+ SInv}
rPois   .            (no helmet)
rElec   .            d - +0 cloak
rCorr   .            h - +2 pair of gloves
SInv    +            (no boots)
Will    ++...        (no amulet)
Stlth   ++           r - ring of positive energy
HPRegen 0.29/turn    x - ring of flight
MPRegen 0.20/turn

%: no passive effects
@: flying
A: no striking features
a: Renounce Religion


You were in a bailey.
You worshipped Vehumet.
Vehumet was pleased with you.
You visited 2 branches of the dungeon, and saw 10 of its levels.
You also visited: Sewer and Bailey.

You collected 548 gold pieces.

Inventory:

Hand Weapons
 j - a +2 sling of electrocution
 p - a +2 dagger
 q - a +1 dagger of speed
 s - a +4 flail of venom
 u - the +5 Force Lance (weapon) {heavy, knockback}
   (You found it on level 6 of the Dungeon)
Missiles
 v - 25 stones
 E - 5 atropa-tipped darts
Armour
 a - a +0 robe
 d - a +0 cloak (worn)
 h - a +2 pair of gloves (worn)
 k - a +0 pair of gloves
 o - a +2 robe of resistance
 A - the +5 robe of Night (worn) {Dark Will+ SInv}
   (You found it on level 7 of the Dungeon)

   Dark:      It shrouds the wearer in darkness, reducing the range at which
   they can see and be seen by others.
   SInv:      It lets you see invisible.
   Will:      It increases your willpower.
 B - +0 steam dragon scales
Jewellery
 r - a ring of positive energy (left hand)
 x - a ring of flight (right hand)
 y - a ring of protection from fire
Wands
 w - a wand of light (5)
 D - a wand of roots (9)
Scrolls
 l - a scroll of fog
 C - a scroll of amnesia
 G - a scroll of fear
Potions
 b - 2 potions of magic
 c - a potion of brilliance {unknown}
 e - 6 potions of heal wounds
 f - 5 potions of curing
 g - 4 potions of might
 i - 2 potions of haste
 m - 5 potions of mutation
 n - a potion of lignification {unknown}
 t - a potion of degeneration {unknown}
 z - 3 potions of cancellation


   Skills:
 - Level 2.4 Dodging
 - Level 2.4 Stealth
 + Level 10.7 Spellcasting
 * Level 12.9 Conjurations
 + Level 9.6 Hexes
 + Level 8.1 Summonings


You had 10 spell levels left.
You knew the following spells:

 Your Spells              Type           Power      Damage    Failure   Level
a - Magic Dart            Conj           100%       1d8       1%          1
b - Searing Ray           Conj           100%       2d8       1%          2
c - Fulminant Prism       Conj/Hex       34%        3d15      1%          4
d - Dazzling Flash        Conj/Hex       100%       N/A       1%          3
e - Summon Small Mammal   Summ           100%       N/A       1%          1
f - Summon Guardian Gole  Hex/Summ       59%        N/A       1%          3
g - Call Canine Familiar  Summ           57%        N/A       1%          3
h - Iskenderun's Mystic   Conj/Tloc      51%        2d11      2%          4

Your spell library contained the following spells:

 Spells                   Type           Power      Damage    Failure   Level
 Shock                    Conj/Air       100%       1d9       1%          1
 Kiss of Death            Conj/Necr      100%       2d13      1%          1
 Apportation              Tloc           30%        N/A       3%          1
 Necrotise                Necr           60%        1d7       3%          1
 Sandblast                Erth           30%        2d9       3%          1
 Sting                    Tmut/Pois      60%        1d6       3%          1
 Poisonous Vapours        Pois/Air       30%        N/A       5%          2
 Ozocubu's Armour         Ice            15%        N/A       11%         3
 Volatile Blastmotes      Fire/Tloc      30%        2d12      11%         3
 Metabolic Englaciation   Hex/Ice        21%        N/A       14%         5
 Olgreb's Toxic Radiance  Pois           15%        N/A       36%         4
 Starburst                Conj/Fire      25%        6d8       36%         6
 Simulacrum               Ice/Necr       7%         N/A       99%         6
 Maxwell's Capacitive Co  Air            7%         ∞         100%        8


Dungeon Overview and Level Annotations

Branches:
Dungeon (9/15)             Temple (1/1) D:5           Sewer (visited)
 Bailey (1/1)
   Lair: D:8-11         Orc: D:9-12

Altars:
Ashenzari
Cheibriados
Dithmenos
Elyvilon
Fedhas
Gozag
Hepliaklqana
Kikubaaqudgha
Makhleb
Nemelex Xobeh
Okawaru
Qazlal
Ru
Uskayaw
Vehumet
Wu Jian
Xom
Yredelemnul
Zin
The Shining One

Shops:
D:6 [


Message History

You finish channelling your searing ray.
The spriggan hits you from afar with a +0 trident.
The spriggan hits you but does no damage.
The spriggan attacks as you move away!
The spriggan hits you with a +4 heavy quarterstaff.
Casting: Searing Ray (safe; 1% risk of failure)
Confirm with . or Enter, or press ? or * to list all spells.
Aiming: Searing Ray (safe; 1% risk of failure)
Press: ? - help, Shift-Dir - straight line, f - ogre
Aim: an ogre, wielding a +0 glaive (moderately wounded, 92% to hit)
The searing ray hits the spriggan!
The spriggan is almost dead.
The searing ray hits the spriggan!
The spriggan is severely wounded.
The searing ray hits the ogre!
The ogre is severely wounded. (Press . to maintain the ray.)
The spriggan closely misses you. The spriggan misses you.
The searing ray hits the spriggan!
You kill the spriggan!
Vehumet accepts your kill.
The searing ray hits the spriggan!
The spriggan is almost dead.
The searing ray misses the ogre.
The spriggan closely misses you.
The searing ray hits the ogre!
You kill the ogre!
Vehumet accepts your kill.
The spriggan hits you but does no damage.
You finish channelling your searing ray.
The spriggan hits you from afar with a +0 trident!
* * * LOW HITPOINT WARNING * * *
Casting: Searing Ray (safe; 1% risk of failure)
Confirm with . or Enter, or press ? or * to list all spells.
Aiming: Magic Dart (safe; 1% risk of failure)
Press: ? - help, Shift-Dir - straight line, f - spriggan
Aim: a spriggan, wielding a +0 trident (almost dead, 100% to hit)
The magic dart hits the spriggan but does no damage.
The spriggan is almost dead.
The spriggan hits you from afar with a +0 trident!!
You die...

#########
##.......##
##.........#
##...))~~....
##..####)###♣.
##)i##ii.....#
#.)♣#..♣♣♣♣♣..#
#.@#.. .. #..#.
. #..# #.)#
#..# #.)##
##).## ##..##
#.
##..##♣####..


You could see a spriggan.

Vanquished Creatures
  A two-headed ogre (D:8)
  The ghost of Xavori the Covert, a novice OpCK of Xom (D:7)
  Pikel (D:5)
  Maggie (D:8)
  A troll (D:8)
  Prince Ribbit (D:5)
  5 dream sheep (D:7)
  2 wyverns (D:8)
  Sigmund (D:5)
  2 shadows (D:7)
  4 spriggans (Bailey)
  A wraith (D:8)
  A steam dragon (D:4)
  Edmund (D:5)
  An acid dragon (D:9)
  Duvessa (D:5)
  3 sky beasts (D:7)
  A hornet zombie (D:7)
  An ice beast (D:4)
  2 black bears
  A centaur (D:8)
  4 ogres (Bailey)
  4 lemures (D:5)
  A bullfrog (D:8)
  2 wyvern zombies (D:8)
  2 necrophages (D:8)
  3 scorpions
  9 wights
  Dowan (D:5)
  4 howler monkeys
  2 centaur zombies (D:8)
  A human zombie (D:8)
  A bullfrog zombie (D:7)
  3 hounds
  3 jellies
  4 orc priests
  5 iguanas
  7 orc wizards
  2 sleepcaps
  A mummy (D:8)
  Robin (D:3)
  3 gnolls (D:4)
  6 river rats (Sewer)
  8 adders
  2 shadow imps
  2 white imps
  2 ufetubi (D:5)
  3 worms
  6 dart slugs
  36 orcs
  10 ball pythons
  5 endoplasms
  2 giant cockroaches
  8 hobgoblins
  11 kobolds
  2 quokkas
  4 bats
  8 frilled lizards
  19 goblins
  13 rats
243 creatures vanquished.

Vanquished Creatures (others)
  14 fulminant prisms
14 creatures vanquished.

Grand Total: 257 creatures vanquished

Notes
Turn   | Place    | Note
-------+----------+-------------------------------------------
     0 | D:1      | pascalblue the Deep Elf Conjurer began the quest for the
                  | Orb.
     0 | D:1      | Reached XP level 1. HP: 10/10 MP: 6/6
   307 | D:1      | Found Jeasch's Antique Weapon Emporium.
   376 | D:1      | Reached XP level 2. HP: 15/15 MP: 5/8
   716 | D:1      | Reached skill level 5 in Conjurations
  1233 | D:2      | Reached XP level 3. HP: 19/19 MP: 5/10
  2527 | D:3      | Reached XP level 4. HP: 24/24 MP: 8/12
  2577 | D:3      | Noticed Robin
  2736 | D:3      | Killed Robin
  2742 | D:3      | Learned a level 2 spell: Searing Ray
  2747 | D:3      | Learned a level 4 spell: Fulminant Prism
  2866 | D:3      | Found a snail-covered altar of Cheibriados.
  2968 | D:3      | Learned a level 3 spell: Dazzling Flash
  3079 | D:3      | Reached skill level 6 in Conjurations
  3215 | D:3      | Learned a level 1 spell: Summon Small Mammal
  3602 | D:4      | Reached XP level 5. HP: 28/28 MP: 10/14
  3603 | D:4      | Reached skill level 1 in Hexes
  3664 | D:4      | Found a glowing drain.
  3701 | D:4      | Reached skill level 1 in Summonings
  3716 | Sewer    | Entered a sewer
  3904 | Sewer    | Reached skill level 5 in Spellcasting
  3982 | Sewer    | Reached XP level 6. HP: 32/32 MP: 1/15
  4351 | D:4      | Found an iron altar of Okawaru.
  4786 | D:4      | Reached skill level 7 in Conjurations
  4837 | D:4      | Noticed a steam dragon
  4849 | D:4      | Killed a steam dragon
  4862 | D:4      | Reached XP level 7. HP: 18/36 MP: 3/17
  5008 | D:4      | Found a blossoming altar of Fedhas.
  5159 | D:4      | Found a glowing silver altar of Zin.
  5188 | D:5      | Entered Level 5 of the Dungeon
  5188 | D:5      | Noticed Pikel
  5540 | D:5      | Got An Introduction to Magic
  5545 | D:5      | Learned a level 3 spell: Summon Guardian Golem
  5549 | D:5      | Learned a level 3 spell: Call Canine Familiar
  5613 | D:5      | Noticed Duvessa
  5707 | D:5      | Noticed Dowan
  5958 | D:5      | Killed Pikel
  5959 | D:5      | Reached skill level 8 in Conjurations
  5959 | D:5      | Reached XP level 8. HP: 30/41 MP: 1/20
  6144 | D:5      | Found a sparkling altar of Nemelex Xobeh.
  6145 | D:5      | Found an opulent altar of Gozag.
  6212 | D:5      | Noticed Edmund
  6231 | D:5      | Killed Edmund
  6232 | D:5      | Reached skill level 5 in Hexes
  6251 | D:5      | Reached skill level 9 in Conjurations
  6423 | D:5      | Noticed Prince Ribbit
  6425 | D:5      | Killed Duvessa
  6425 | D:5      | Killed Dowan
  6457 | D:5      | Killed Prince Ribbit
  6704 | D:5      | Reached skill level 5 in Summonings
  6820 | D:5      | Noticed Sigmund
  6824 | D:5      | Killed Sigmund
  6825 | D:5      | Reached XP level 9. HP: 34/45 MP: 16/22
  6835 | D:5      | Learned a level 4 spell: Iskenderun's Mystic Blast
  7188 | D:5      | Found a staircase to the Ecumenical Temple.
  7414 | Temple   | Entered the Ecumenical Temple
  7444 | Temple   | Became a worshipper of Vehumet
  7485 | D:6      | Reached skill level 10 in Conjurations
  7516 | D:6      | Found a broken altar of Ashenzari.
  7518 | D:6      | Found the +5 Force Lance {heavy, knockback}
  7641 | D:6      | Found a white marble altar of Elyvilon.
  7897 | D:6      | Found Rosmel's Antique Armour Boutique.
  8333 | D:7      | Found a runed translucent gate.
  8333 | D:7      | Found a runed translucent gate.
  8333 | D:7      | Found a runed translucent gate.
  8333 | D:7      | Noticed Xavori's ghost (novice OpCK)
  8335 | D:7      | Found a basalt altar of Yredelemnul.
  8872 | D:7      | Found an ornate altar of the Wu Jian Council.
  9386 | D:7      | Reached skill level 11 in Conjurations
  9499 | D:7      | Reached * piety under Vehumet
  9499 | D:7      | Offered knowledge of Foxfire by Vehumet.
  9500 | D:7      | Reached XP level 10. HP: 50/50 MP: 20/25
  9561 | D:7      | Found the +5 robe of Night {Dark Will+ SInv}
  9823 | D:7      | Found a stormy altar of Qazlal.
 10035 | D:7      | Killed Xavori's ghost
 10575 | D:8      | Noticed Maggie
 10587 | D:8      | Killed Maggie
 10880 | D:8      | Reached skill level 12 in Conjurations
 10889 | D:8      | Found a sacrificial altar of Ru.
 10951 | D:8      | Noticed a two-headed ogre
 10959 | D:8      | Killed a two-headed ogre
 10960 | D:8      | Reached skill level 10 in Spellcasting
 11092 | D:8      | Found a shadowy altar of Dithmenos.
 11607 | D:8      | Found an ancient bone altar of Kikubaaqudgha.
 11904 | D:8      | Offered knowledge of Shock by Vehumet.
 11909 | D:8      | Reached ** piety under Vehumet
 12765 | D:9      | Found a flagged portal.
 12849 | Bailey   | Entered a bailey
 13018 | Bailey   | Reached XP level 11. HP: 54/54 MP: 21/27
 13101 | Bailey   | Slain by a spriggan

Illustrated notes

Levels and vault maps discovered:
D:1:      saegor_arrival_under_anarchy, layout_basic, serial_shops, shop,
          nicolae_titane
D:2:      minmay_door_path, layout_basic, eino_curves_03, minivault_24,
          hex_large, hangedman_decor_clover_reticule
D:3:      layout_loops_cross, lemuel_crystal_altar, kennysheep_generic_room_5,
          uniq_robin
D:4:      layout_loops_cross, mainiacjoe_overflow_alcove_1, old_standard_altar,
          mainiacjoe_overflow_six_doors_small, cheibrodos_sewer_entry_drain,
          dreamdust_gnoll_farm
D:5:      layout_basic, grunt_temple_overflow_opulence,
          minmay_temple_entry_proselytizer, nicolae_fountain_basement,
          uniq_prince_ribbit1, uniq_sigmund, uniq_duvessa, uniq_pikel,
          uniq_edmund
D:6:      layout_basic, cheibrodos_ashenzari_chains, elyvilon_altar_4,
          serial_shops, shop, feat_on_display
D:7:      layout_basic, mainiacjoe_overflow_alcove_2,
          nicolae_yredelemnul_ghost_church, kennysheep_mini,
          chequers_mini_garden, hellmonk_guarded_unrand_night
D:8:      layout_layer_cave, lemuel_mausoleum_altar_kikubaaqudgha,
          mainiacjoe_overflow_large_starburst, uniq_maggie
D:9:      layout_loops_ring, enter_bailey_3
Temple:   nicolae_temple_two_arcs
Bailey:   bailey_polearm_enchanted_keep_hellmonk, bailey

Skill      XL: |  1  2  3  4  5  6  7  8  9 10 11 |
---------------+----------------------------------+-----
Conjurations   | 5 6 7 8 9 11 12 | 12.9
Spellcasting   | 4 5 6 7 9 10 | 10.7
Hexes          | 2 3 4 6 7 9 |  9.6
Summonings     | 1 2 4 5 6 7 8 |  8.1
Dodging        | |  2.4
Stealth        | |  2.4

Action                     |  1- 3 |  4- 6 |  7- 9 | 10-12 || total
---------------------------+-------+-------+-------+-------++-------
  Melee: Dagger            |       |     4 |       |       ||     4
         Lance             |       |       |    32 |     1 ||    33
   Cast: Magic Dart        |    81 |   123 |   112 |    37 ||   353
         Searing Ray       |       |    12 |    33 |    48 ||    93
         Fulminant Prism   |       |     1 |     6 |     7 ||    14
         Call Canine Famil |       |       |     1 |       ||     1
         Summon Guardian G |       |       |     1 |       ||     1
         Iskenderun's Myst |       |       |       |     1 ||     1
    Use: Scroll            |     2 |     7 |    10 |     3 ||    22
         Potion            |       |       |       |     1 ||     1
   Stab: Sleeping          |       |       |     1 |       ||     1
 Armour: Robe              |     8 |    11 |    32 |    41 ||    92
  Dodge: Dodged            |    11 |    40 |    61 |    66 ||   178

Table legend: (Time is in decaauts)
 A = Elapsed time spent in this place.
 B = Non-inter-level travel time spent in this place.
 C = Inter-level travel time spent in this place.
 D = Time resting spent in this place.
 E = Time spent auto-exploring this place.
 F = Levels seen in this place.
 G = Mean time per level.
                   A        B        C        D        E       F      G
               +--------+--------+--------+--------+--------+-----+--------+
         Total |  13174 |  12869 |    305 |   2201 |   8364 |  12 | 1097.8 |
       Dungeon |  12309 |  12005 |    304 |   2008 |   8055 |   9 | 1367.7 |
        Temple |     38 |     38 |      0 |      0 |      0 |   1 |   38.0 |
         Sewer |    574 |    574 |      0 |    193 |    115 |   1 |  574.0 |
        Bailey |    251 |    251 |      0 |      0 |    194 |   1 |  251.0 |
               +--------+--------+--------+--------+--------+-----+--------+

Top non-repeatable levels by time:
     D:8: 2215 daAuts
     D:5: 1991 daAuts
     D:7: 1889 daAuts
     D:4: 1356 daAuts
     D:2: 1306 daAuts
     D:1: 1158 daAuts
     D:3: 1089 daAuts
     D:6: 847 daAuts
   Sewer: 574 daAuts
     D:9: 455 daAuts
  Bailey: 251 daAuts
  Temple: 38 daAuts
